 Dungeon Crawl Stone Soup version 0.27.1-33-g824d729ab1 (webtiles) character file.

Game seed: 7596059004414109156

34 safid the Skirmisher (level 3, -3/33 HPs)
             Began as a Hill Orc Fighter on Dec 20, 2021.
             Slain by a gnoll (4 damage)
             ... on level 1 of the Dungeon.
             The game lasted 00:02:04 (1015 turns).

safid the Skirmisher (Hill Orc Fighter)             Turns: 1015, Time: 00:02:05

Health: -3/33      AC: 11    Str: 19    XL:     3   Next: 31%
Magic:  3/3        EV:  7    Int:  8    God:
Gold:   49         SH:  9    Dex: 10    Spells: 2/2 levels left

rFire    . . .     SeeInvis .   a - +0 war axe
rCold    . . .     Faith    .   c - +0 kite shield
rNeg     . . .     Spirit   .   f - +0 plate armour
rPois    .         Reflect  .   (no helmet)
rElec    .         Harm     .   (no cloak)
rCorr    .         Rampage  .   (no gloves)
Will     .....                  (no boots)
Stlth    ..........             (no amulet)
HPRegen  0.11/turn              g - +4 ring of evasion
MPRegen  0.08/turn              (no ring)

@: no status effects
A: no striking features
a: no special abilities


You were on level 1 of the Dungeon.
You visited 1 branch of the dungeon, and saw 2 of its levels.

You collected 49 gold pieces.

Inventory:

Hand Weapons
 a - a +0 war axe (weapon)
Armour
 c - a +0 kite shield (worn)
 f - a +0 plate armour (worn)
Jewellery
 g - a +4 ring of evasion (left hand)
Scrolls
 b - a scroll of identify {unknown}
 e - a scroll of fear {unknown}
 h - a scroll of vulnerability {unknown}
Potions
 d - a potion of might


   Skills:
 + Level 4.1 Fighting
 + Level 3.3 Axes
 + Level 3.7 Armour
 + Level 3.6 Shields


You had 2 spell levels left.
You didn't know any spells.
Your spell library was empty.

Dungeon Overview and Level Annotations

Branches:
Dungeon (2/15)

Altars:


Message History

Your plate armour prevents you from hitting the gnoll.
The gnoll hits you from afar with a +0 halberd.
The gnoll hits you with a +0 flail. You block the gnoll's attack.
The gnoll hits you with a +0 flail.
You hit the gnoll but do no damage. The gnoll barely misses you.
The gnoll hits you with a +0 flail.
Unknown command.
You hit the gnoll.
The gnoll is lightly wounded.
You block the gnoll's attack. The gnoll hits you with a +0 flail.
You block the gnoll's attack. The gnoll hits you but does no damage.
You are too injured to fight recklessly!
You are too injured to fight recklessly!
You are too injured to fight recklessly!
The gnoll hits you with a +0 halberd!
* * * LOW HITPOINT WARNING * * *
The gnoll barely misses you.
There is a stone staircase leading up here.
The gnoll hits you with a +0 flail.
* * * LOW HITPOINT WARNING * * *
You climb upwards.
There is a stone staircase leading down here.
You barely miss the gnoll.
The gnoll is lightly wounded.
The gnoll closely misses you. You block the gnoll's attack.
Unknown command.
You slash the gnoll!
The gnoll is severely wounded.
You block the gnoll's attack.
Unknown command.
You barely miss the gnoll.
The gnoll is severely wounded.
The gnoll hits you with a +0 flail.
* * * LOW HITPOINT WARNING * * *
The gnoll barely misses you.
Unknown command.
You hit the gnoll but do no damage.
The gnoll is severely wounded.
The gnoll hits you with a +0 flail.
You die...

#.#####.#######..##.#♣...........
#........# #.....#♣^.....#####
####.....# #...#.#♣♣..........
#....###.######...#.# ♣..........
#.######.##.........# ♣♣....#####
#.##.........##...### ♣.........
..##.........##...# ♣.........
.............##..g# ♣..[......
.............##.@.#### #........♣
..................##.# #......[.♣
..##..........##..##.# #.......♣♣
..##..........##.....# #......♣♣
..##..........##.###.# #..#.♣♣♣
####..........##.###.###..###
#####...............#..######
########..###.#####..#....##...#
...........##.#####..#######...#


You could see a gnoll.

Vanquished Creatures
  A gnoll (D:2)
  2 dart slugs (D:1)
  A ball python (D:1)
  2 endoplasms (D:1)
  3 giant cockroaches
  A goblin (D:1)
  3 hobgoblins (D:1)
  2 quokkas (D:1)
  A bat (D:1)
  A frilled lizard (D:1)
  A kobold (D:1)
18 creatures vanquished.

Notes
Turn   | Place    | Note
-------+----------+-------------------------------------------
     0 | D:1      | safid the Hill Orc Fighter began the quest for the Orb.
     0 | D:1      | Reached XP level 1. HP: 19/19 MP: 1/1
   215 | D:1      | Reached XP level 2. HP: 27/27 MP: 2/2
   568 | D:1      | Found a faded altar of an unknown god.
   781 | D:1      | Reached skill level 4 in Fighting
   999 | D:2      | Reached XP level 3. HP: 33/33 MP: 3/3
  1014 | D:1      | HP: 1/33 [gnoll (3)]
  1015 | D:1      | Slain by a gnoll

Illustrated notes

Levels and vault maps discovered:
D:1:      sevenhm_arrival_forest_fort_large_4, layout_loops_ring,
          dilly_ecumenical_altar_fadedgnrine, minmay_quantized
D:2:      layout_rooms, basic_altar, minmay_goblin_kobold_house, uniq_jessica

Skill      XL: |  1  2 |
---------------+-------+-----
Axes           | 3 |  3.3
Fighting       | 4 |  4.1
Armour         | |  3.7
Shields        | |  3.6

Action                   || total
-------------------------++-------
Melee: War axe           ||    54
Armor: Scale mail        ||     2
       Plate armour      ||    28
Dodge: Dodged            ||    18
Block: Kite shield       ||    38
